Map: Alcyone LE

Players

Harstem - Winner!

  • Race: Protoss Protoss
  • League: Master
  • Spawn Location: 1:00

RedpackCuKu (CuKu)

  • Race: Terran Terran
  • Spawn Location: 7:00

Event: HomeStory Cup XXV

VOD

Have the link to the VOD?

Description

Time

  • Played on: June 22, 2024, 7:40 a.m.
  • Length: 8:23

All games in this series

Show
View Real Time Build Order
Export as new Build Order

Harstem Protoss - Winner!

Build Orders: 1 Gate Expand, Blink Stalkers 

Get SALT Encoding   

  12  0:00  Probe  
  13  0:12  Probe  
  14  0:17  Pylon  
  14  0:24  Probe (Chrono Boost)  
  15  0:36  Probe (Chrono Boost)  
  15  0:37  Gateway  
  16  0:44  Probe (Chrono Boost)  
  16  0:46  Assimilator  
  17  0:51  Probe  
  18  1:03  Probe  
  19  1:15  Probe  
  20  1:23  Cybernetics Core  
  20  1:32  Nexus  
  20  1:35  Probe  
  21  1:43  Pylon  
  21  1:47  Probe  
  21  1:52  Assimilator  
  22  1:59  Adept (Chrono Boost), Probe  
  23  2:06  Warp Gate  
  25  2:11  Probe  
  26  2:18  Adept (Chrono Boost)  
  28  2:23  Probe  
  29  2:31  Twilight Council  
  29  2:35  Probe  
  30  2:43  Stalker  
  32  2:45  Probe  
  32  2:47  Probe  
  34  2:57  Probe  
  35  2:58  Gateway, Blink (Chrono Boost)  
  35  2:59  Probe  
  36  3:10  Probe  
  36  3:11  Probe  
  38  3:19  Shield Battery  
  38  3:22  Probe  
  38  3:24  Robotics Facility  
  39  3:27  Probe  
  39  3:32  Pylon  
  40  3:35  Probe  
  40  3:39  Probe  
  42  3:44  Pylon  
  42  3:47  Probe  
  43  3:51  Probe  
  43  3:55  Stalker x2  
  48  3:59  Probe  
  48  4:00  Pylon  
  49  4:04  Probe  
  49  4:09  Assimilator  
  50  4:11  Assimilator, Probe  
  51  4:18  Stalker x2, Observer (Chrono Boost)  
  51  4:20  Probe  
  51  4:24  Probe  
  58  4:29  Pylon  
  58  4:31  Observer (Chrono Boost)  
  58  4:32  Probe  
  61  4:42  Stalker x2  
  61  4:44  Probe  
  66  4:48  Nexus  
  65  4:56  Probe  
  65  4:57  Robotics Bay, Probe  
  67  5:01  Pylon  
  67  5:02  Observer  
  68  5:09  Probe  
  68  5:10  Stalker  
  68  5:12  Stalker  
  74  5:17  Pylon  
  74  5:25  Immortal (Chrono Boost)  
  74  5:26  Shield Battery  
  77  5:37  Stalker x2  
  77  5:40  Pylon  
  81  5:54  Immortal (Chrono Boost)  
  85  6:01  Stalker x2  
  85  6:02  Charge, Probe  
  80  6:11  Observer  
  80  6:13  Probe x2  
  80  6:14  Probe  
  80  6:15  Shield Battery  
  81  6:22  Gateway  
  81  6:25  Gateway, Probe x2  
  83  6:27  Stalker x2  
  83  6:28  Probe  
  83  6:31  Disruptor (Chrono Boost)  
  92  6:41  Probe  
  92  6:44  Gateway  
  93  6:48  Probe  
  93  6:50  Stalker x2  
  93  6:52  Pylon  
  93  6:53  Probe  
  99  6:55  Gateway  
  99  6:56  Probe  
  94  7:10  Probe  
  94  7:11  Immortal (Chrono Boost)  
  94  7:13  Probe  
  98  7:16  Stalker  
  98  7:17  Probe  
  98  7:19  Gateway  
  98  7:21  Gateway  
  99  7:35  Stalker x2  
  98  7:41  Probe  
  89  7:46  Stalker x2, Probe  
  89  7:48  Probe  
  89  7:50  Pylon  
  95  7:59  Zealot x3  
  95  8:03  Probe  
  102  8:06  Probe  
  102  8:10  Zealot x2  
  107  8:15  Zealot  
  99  8:20  Zealot x3  
  99  8:21  Zealot  
Show
View Real Time Build Order
Export as new Build Order

RedpackCuKu Terran 

Build Orders:  

Get SALT Encoding   

  12  0:00  SCV  
  13  0:12  SCV  
  14  0:17  Supply Depot  
  14  0:24  SCV  
  15  0:38  SCV  
  15  0:40  Barracks  
  16  0:44  Refinery  
  16  0:51  SCV  
  17  1:03  SCV  
  18  1:15  SCV  
  19  1:26  Barracks Reactor  
  19  1:27  Orbital Command  
  19  1:42  Command Center  
  19  1:52  Supply Depot  
  19  1:53  SCV  
  20  2:02  Marine  
  20  2:03  Marine  
  20  2:05  SCV  
  23  2:17  Factory  
  23  2:20  Marine x2  
  23  2:22  SCV  
  26  2:36  Barracks  
  26  2:38  SCV  
  26  2:39  Marine  
  26  2:40  Marine  
  29  2:53  SCV  
  30  3:02  Orbital Command  
  30  3:05  Barracks Tech Lab  
  30  3:06  Hellion  
  30  3:07  Hellion  
  34  3:19  SCV  
  35  3:21  Barracks  
  35  3:26  Marine  
  36  3:35  Siege Tank, Marine  
  36  3:38  Marine  
  36  3:41  Supply Depot  
  41  3:44  Barracks  
  41  3:45  Marine  
  42  3:53  Marine  
  43  3:56  Marine  
  43  3:59  Supply Depot  
  44  4:03  Marine  
  44  4:09  Siege Tank  
  48  4:11  Marine  
  48  4:12  Marine  
  48  4:13  Marine  
  51  4:21  Marine  
  52  4:28  Marine  
  52  4:30  Marine  
  52  4:31  Marine x2  
  54  4:35  Supply Depot  
  56  4:39  Marine  
  56  4:40  Supply Depot  
  56  4:44  Siege Tank  
  60  4:46  Marine  
  60  4:48  Marine  
  62  4:54  Marine  
  61  5:00  Marine  
  61  5:03  Marine  
  61  5:04  Marine  
  64  5:09  Marine  
  64  5:11  Marine  
  66  5:17  Supply Depot  
  66  5:18  Marine  
  66  5:20  Siege Tank  
  66  5:21  Marine  
  69  5:22  Marine  
  69  5:26  Marine  
  71  5:29  Marine  
  70  5:36  Marine  
  70  5:39  Marine  
  70  5:40  Marine  
  72  5:44  Marine  
  72  5:47  Marine  
  73  5:52  Bunker  
  73  5:53  Marine  
  73  5:56  Marine  
  73  5:58  Marine  
  73  6:00  Bunker  
  73  6:02  Marine  
  72  6:05  Marine  
  65  6:11  Marine  
  65  6:14  Marine  
  65  6:15  Marine  
  65  6:17  Bunker  
  66  6:20  Marine  
  66  6:23  Marine  
  68  6:29  Marine  
  68  6:32  Marine  
  65  6:33  Marine  
  65  6:35  Bunker  
  65  6:38  Marine  
  63  6:41  Marine  
  63  6:42  Bunker  
  63  6:46  Siege Tank  
  66  6:47  Marine  
  66  6:50  Marine, Bunker  
  66  6:51  Marine  
  68  6:55  Marine  
  68  6:58  Marine  
  70  7:05  Marine  
  70  7:08  Marine  
  72  7:09  Marine  
  72  7:13  Marine  
  70  7:16  Marine  
  70  7:21  Bunker  
  71  7:22  Marine  
  71  7:25  Marine  
  66  7:41  Marine  
  66  7:43  Marine x2  
  60  7:54  Marine  
  58  8:02  Marine  
  58  8:03  Marine  
  58  8:04  Marine  
Tags
 
Add a new tag
Caveats
  • Supply blocks, unpowered buildings, or Contaminate may cause inaccurate times.
  • Supply counts are checked every 10 seconds.